 Dungeon Crawl Stone Soup version 0.31-a0-233-g139696dc86 (webtiles) character file.

Game seed: 4063272263865340349

97 qw the Shooter (level 4, -2/26 HPs)
             Began as a Gargoyle Hexslinger on July 7, 2023.
             Slain by a kobold brigand
             ... wielding a +0 short sword
              (5 damage)
             ... in a sewer.
             The game lasted 00:00:48 (1652 turns).

qw the Shooter (Gargoyle Hexslinger)                Turns: 1652, Time: 00:00:49

Health: -2/26      AC:  7    Str:  7    XL:     4   Next: 68%
Magic:  5/5        EV: 12    Int: 15    God:
Gold:   104        SH:  0    Dex: 19    Spells: 4/5 levels left

rFire   . . .        Y - +1 sling
rCold   . . .        (no shield)
rNeg    + . .        c - +0 robe
rPois   inf          (no helmet)
rElec   +            (no cloak)
rCorr   .            g - +1 pair of gloves of Leihoedgh {Str-5 Int+2 Dex+5}
SInv    .            (no boots)
Will    .....        (no amulet)
Stlth   ++           (no ring)
HPRegen 0.24/turn    (no ring)
MPRegen 0.09/turn

%: no passive effects
@: no status effects
A: sickness immunity, AC +3, negative energy resistance 1, electricity
resistance, torment resistance 1, petrification resistance
a: no special abilities


You were in a sewer.
You visited 1 branch of the dungeon, and saw 3 of its levels.
You also visited: Sewer.

You collected 104 gold pieces.


Innate Abilities, Weirdness & Mutations

You are immune to sickness and miasma.
Your stone body is resilient. (AC +3)
You are immune to poison.
You resist negative energy. (rN+)
You are resistant to electric shocks. (rElec)
You are resistant to unholy torment.
You are immune to petrification.


   Skills:
 - Level 2.0 Fighting
 + Level 4.4 Ranged Weapons
 - Level 1.5 Dodging
 - Level 1.0 Spellcasting
 - Level 2.6 Hexes


You had 4 spell levels left.
You knew the following spells:

 Your Spells              Type           Power      Damage    Failure   Level
a - Slow                  Hex            32%        N/A       9%          1

Your spell library contained the following spells:

 Spells                   Type           Power      Damage    Failure   Level
 Inner Flame              Hex/Fire       4%         N/A       38%         3
 Portal Projectile        Hex/Tloc       8%         N/A       38%         3
 Cause Fear               Hex            4%         N/A       63%         4

Inventory:

Hand Weapons
 Y - a +1 sling (weapon)
Armour
 c - a +0 robe (worn)
 g - the +1 pair of gloves of Leihoedgh (worn) {Str-5 Int+2 Dex+5}
   (You found it on level 2 of the Dungeon)

   Str:       It affects your strength (-5).
   Int:       It affects your intelligence (+2).
   Dex:       It affects your dexterity (+5).
Scrolls
 b - a scroll of identify
Potions
 a - a potion of berserk rage {unknown}
 d - a potion of curing
 e - 2 potions of haste {unknown}
 f - a potion of resistance {unknown}

Dungeon Overview and Level Annotations

Branches:
Dungeon (3/15)              Sewer (1/1)

Altars:


Message History

You shoot a sling bullet.
The sling bullet hits the kobold brigand.
The kobold brigand is lightly wounded.
The kobold brigand hits you with a +0 short sword.
You shoot a sling bullet.
The sling bullet barely misses the kobold brigand.
The kobold brigand hits you with a +0 short sword.
You shoot a sling bullet.
The sling bullet hits the kobold brigand.
The kobold brigand is moderately wounded.
The kobold brigand misses you. The kobold brigand barely misses you.
You shoot a sling bullet.
The sling bullet barely misses the kobold brigand.
The kobold brigand hits you with a +0 short sword.
You shoot a sling bullet.
The sling bullet hits the kobold brigand but does no damage.
The kobold brigand is moderately wounded.
The kobold brigand misses you.
You shoot a sling bullet.
The sling bullet closely misses the kobold brigand.
The kobold brigand hits you with a +0 short sword.
You shoot a sling bullet.
The sling bullet barely misses the kobold brigand.
The kobold brigand hits you with a +0 short sword.
You shoot a sling bullet.
The sling bullet completely misses the kobold brigand.
The kobold brigand hits you with a +0 short sword.
The kobold brigand barely misses you.
You shoot a sling bullet.
The sling bullet hits the kobold brigand but does no damage.
The kobold brigand is moderately wounded.
The kobold brigand hits you but does no damage.
You shoot a sling bullet.
The sling bullet barely misses the kobold brigand.
The kobold brigand hits you with a +0 short sword.
You shoot a sling bullet.
The sling bullet hits the kobold brigand!
The kobold brigand is heavily wounded.
The kobold brigand hits you with a +0 short sword.
You die...

#%.....~~~~~~
##.....~~~~~~
##....~~~~~~
#...~~~~~~~
##....~~~~~~
#....~~~~~~~
#.....~~~~~~
##...~~~~~~~
#..@.~~~~~~
###K####~#~
... ~ ..)..
##...## .....
..#.? ### ###


You could see a kobold brigand.

Vanquished Creatures
  3 adders (D:2)
  A worm (D:2)
  A dart slug (D:2)
  3 endoplasms
  6 giant cockroaches
  6 goblins
  2 hobgoblins (D:1)
  2 jackals
  5 quokkas
  5 ball pythons
  5 bats
  A frilled lizard (D:2)
  11 kobolds
  11 rats
62 creatures vanquished.

Notes
Turn   | Place    | Note
-------+----------+-------------------------------------------
     0 | D:1      | qw the Gargoyle Hexslinger began the quest for the Orb.
     0 | D:1      | Reached XP level 1. HP: 12/12 MP: 2/2
     0 | D:1      | 0 ||| qw: Version: 0.3-a-46-gb1f654a
     0 | D:1      | 0 ||| qw: Game counter: 3130
     0 | D:1      | 0 ||| qw: Melee chars always use a shield: true
     0 | D:1      | 0 ||| qw: God list: Okawaru
     0 | D:1      | 0 ||| qw: Allow faded altars: false
     0 | D:1      | 0 ||| qw: Do Orc after clearing Dungeon:15 true
     0 | D:1      | 0 ||| qw: Do second Lair branch before Depths: true
     0 | D:1      | 0 ||| qw: Lair rune preference: random
     0 | D:1      | 0 ||| qw: Goals: Normal
     0 | D:1      | 0 ||| PLANNING D:1-11
   146 | D:1      | 146 ||| READING scroll labelled SOIMAP WAHONY.
   147 | D:1      | 147 ||| DROPPING scroll of poison.
   269 | D:1      | Reached XP level 2. HP: 16/16 MP: 3/3
   445 | D:1      | Reached skill level 3 in Ranged Weapons
   673 | D:1      | 673 ||| DRINKING 2 brown potions.
   691 | D:2      | 691 ||| STAIRDANCE
   807 | D:2      | Reached XP level 3. HP: 21/21 MP: 4/4
   950 | D:2      | Reached XP level 4. HP: 20/26 MP: 5/5
  1041 | D:2      | Reached skill level 4 in Ranged Weapons
  1273 | D:2      | Identified the +1 pair of gloves of Leihoedgh {Str-5 Int+2
                  | Dex+5}
  1279 | D:2      | 1279 ||| UPGRADING to +1 pair of gloves of Leihoedgh {Str-5
                  | Int+2 Dex+5}.
  1284 | D:2      | 1284 ||| READING 2 scrolls labelled BAL JEDAADD.
  1285 | D:2      | 1285 ||| READING scroll labelled OREIPE OXITUQ.
  1286 | D:2      | 1286 ||| DRINKING 2 green potions.
  1287 | D:2      | 1287 ||| DROPPING potion of attraction.
  1301 | D:3      | 1301 ||| PLANNING SEWER
  1479 | D:3      | Found a glowing drain.
  1482 | D:3      | 1482 ||| DROPPING ring of wizardry.
  1501 | Sewer    | Entered a sewer
  1634 | Sewer    | Noticed a kobold brigand
  1651 | Sewer    | HP: 3/26 [kobold brigand/+0 short sword (6)]
  1652 | Sewer    | Slain by a kobold brigand

Levels and vault maps discovered:
D:1:      erik_arrival_blinker_ship, layout_rooms, serial_co_window_serial,
          co_window_paths_b, co_window_paths_a, co_window_of_opportunity_a,
          co_window_corner_a, co_window_corner_a, co_window_of_opportunity_a,
          co_window_paths_a, co_window_corner_b, co_window_broadway_a,
          co_window_2corner, co_window_2corner, glass_columns_b,
          glass_columns_a, st_stairs_14
D:2:      layout_loops_ring
D:3:      layout_loops_ring, kiku_gazebo_garden_becter,
          yredelemnul_forgotten_temple_becter, portal_sewer_entry_f,
          hangedman_decor_clover_reticule, item_on_display_a,
          uniq_crazy_yiuf_cottage
Sewer:    sewer_minmay_treatment

Skill      XL: |  1  2  3  4 |
---------------+-------------+-----
Ranged Weapons | 3 4 |  4.4
Fighting       | 2 |  2.0
Dodging        | |  1.5
Spellcasting   | |  1.0
Hexes          | |  2.6

Action                     |  1- 3 |  4- 6 || total
---------------------------+-------+-------++-------
   Fire: Sling             |    99 |   112 ||   211
    Use: Scroll            |     1 |     2 ||     3
         Potion            |     1 |     1 ||     2
 Armour: Robe              |    20 |    24 ||    44
  Dodge: Dodged            |    39 |    39 ||    78

Table legend:
 A = Non-vault XP
 B = Vault XP
 C = Vault XP percentage of total XP
 D = Non-vault monster count
 E = Vault monster count
 F = Vault count percentage of total count
                 A         B        C        D         E       F
            +---------+---------+-------+---------+---------+-------
      Total |     108 |      31 |  22.3 |      41 |      21 |  33.9
            +---------+---------+-------+---------+---------+-------
        D:1 |      24 |       2 |   7.7 |      15 |       1 |   6.2
        D:2 |      75 |       0 |   0.0 |      20 |       0 |   0.0
        D:3 |       9 |      12 |  57.1 |       6 |       6 |  50.0
      Sewer |       0 |      17 | 100.0 |       0 |      14 | 100.0
            +---------+---------+-------+---------+---------+-------
